 Dungeon Crawl Stone Soup version 0.21-a0-513-gdcb3f5e (webtiles) character file.

163 slep the Covered (level 5, -1/47 HPs)
             Began as a Minotaur Fighter on Dec 2, 2017.
             Slain by an adder (3 damage)
             ... on level 4 of the Dungeon.
             The game lasted 00:04:31 (1686 turns).

slep the Covered (Minotaur Fighter)                 Turns: 1686, Time: 00:04:31

Health: -1/47      AC:  8    Str: 20    XL:     5   Next: 20%
Magic:  4/4        EV:  7    Int:  5    God:
Gold:   118        SH:  9    Dex: 11    Spells: 4/4 levels left

rFire    . . .     SeeInvis .   a - +0 war axe
rCold    . . .     Gourm    .   c - +0 shield
rNeg     . . .     Faith    .   b - +0 scale mail
rPois    .         Spirit   .   (helmet restricted)
rElec    .         Reflect  .   (no cloak)
rCorr    .         Harm     .   r - +0 pair of gloves
MR       .....                  (no boots)
Stlth    ..........             (no amulet)
HPRegen  0.15/turn              (no ring)
MPRegen  0.09/turn              (no ring)

@: lethally poisoned (-1 -> -1)
A: retaliatory headbutt, horns 2
a: no special abilities


You were on level 4 of the Dungeon.
You were not hungry.

You visited 1 branch of the dungeon, and saw 4 of its levels.

You collected 118 gold pieces.

Inventory:

Hand Weapons
 a - a +0 war axe (weapon)
Armour
 b - a +0 scale mail (worn)
 c - a +0 shield (worn)
 r - a +0 pair of gloves (worn)
Scrolls
 e - a scroll of fog {unknown}
 h - 2 scrolls of enchant weapon {unknown}
 j - 2 scrolls of remove curse {unknown}
 l - 4 scrolls of identify {unknown}
 p - a scroll of random uselessness {unknown}
 s - 2 scrolls of teleportation {unknown}
 t - a scroll of immolation {unknown}
Potions
 d - 2 potions of might
 i - a potion of haste {unknown}
 k - a potion of degeneration {unknown}
 m - 2 potions of ambrosia {unknown}
 n - a potion of curing {unknown}
 v - a potion of heal wounds {unknown}
Comestibles
 f - 3 bread rations
 g - a royal jelly
 o - a meat ration
 q - 3 fruits
 u - 2 chunks of flesh


   Skills:
 + Level 4.6 Fighting
 + Level 4.2 Axes
 + Level 4.9 Armour
 + Level 0.2 Dodging
 + Level 0.1 Stealth
 + Level 4.2 Shields


You had 4 spell levels left.
You didn't know any spells.

Dungeon Overview and Level Annotations

Branches:
Dungeon (4/15)
 Temple: D:4-7

Altars:
The Shining One

Annotations:
D:3 Grinder


Innate Abilities, Weirdness & Mutations

You reflexively headbutt those who attack you in melee.
You have a pair of horns on your head.


Message History

You miss the adder. The adder bites you but does no damage.
You block the adder's attack.
You closely miss the adder. Your headbutt misses the adder.
You feel sick. You block the adder's attack.
The adder bites you but does no damage.
You miss the adder.
The adder bites you but does no damage. x2
You miss the adder. Your headbutt misses the adder.
The adder barely misses you. The adder bites you but does no damage.
You miss the adder.
You feel sick.
The adder bites you but does no damage. x2
You closely miss the adder. The adder bites you but does no damage.
You closely miss the adder. Your headbutt misses the adder.
You feel sick.
The adder bites you but does no damage. x2
You closely miss the adder. You block the adder's attack. x2
You barely miss the adder. The adder bites you but does no damage.
Your shield and scale mail prevent you from hitting the adder.
The adder bites you.
* * * LOW HITPOINT WARNING * * *
You block the adder's attack.
Your shield prevents you from hitting the adder.
You feel sick. The adder barely misses you. The adder bites you.
You die...

## .. .
......## #.
....... #. #
#/.....
#...#.#..?.
..##..#.. ...
#.......# #.#
#.....S@###.#
##.#........##
##........#
########.# #.#
#.# #####.#
#...<.#
#.#####


You could see an adder.

Vanquished Creatures
  A scorpion (D:4)
  A worker ant (D:2)
  3 adders
  An ooze (D:2)
  An adder zombie (D:2)
  3 worms (D:2)
  3 dart slugs
  A leopard gecko (D:2)
  3 bats
  3 giant cockroaches
  5 goblins
  4 hobgoblins
  5 kobolds
  2 quokkas (D:2)
  2 ball pythons (D:3)
  5 frilled lizards
  2 rats (D:1)
45 creatures vanquished.

Notes
Turn   | Place    | Note
-------+----------+-------------------------------------------
     0 | D:1      | slep the Minotaur Fighter began the quest for the Orb.
     0 | D:1      | Reached XP level 1. HP: 19/19 MP: 0/0
   267 | D:1      | Reached XP level 2. HP: 13/27 MP: 1/1
   865 | D:2      | Reached XP level 3. HP: 23/33 MP: 2/2
   980 | D:2      | Reached XP level 4. HP: 27/40 MP: 3/3
  1116 | D:2      | Found a glowing golden altar of the Shining One.
  1599 | D:3      | Noticed Grinder
  1612 | D:3      | Paralysed by Grinder for 3 turns
  1623 | D:3      | Paralysed by Grinder for 7 turns
  1638 | D:3      | Paralysed by Grinder for 7 turns
  1672 | D:4      | Reached XP level 5. HP: 7/47 MP: 4/4
  1686 | D:4      | HP: 2/47 [poisoned by a scorpion]
  1686 | D:4      | Slain by an adder

Vault maps used:
D:1:      lightli_arrival_quake, minmay_misc_feat_columns
D:2:      nicolae_tso_swordbearing_angel, interstate_on_off, solitary_fountain
D:3:      uniq_grinder
D:4:      kennysheep_slug_shrine, kennysheep_mini,
          minmay_temple_entry_enclosed_plants, portal_sewer_entry_b

Skill      XL: |  1  2  3  4 |
---------------+-------------+-----
Armour         | 4 |  4.9
Fighting       | 4 |  4.6
Shields        | 4 |  4.2
Axes           | 3 4 |  4.2
Dodging        | |  0.2
Stealth        | |  0.1

Action                   |  1- 3 |  4- 6 || total
-------------------------+-------+-------++-------
Melee: War axe           |    65 |    70 ||   135
       Headbutt          |     9 |    13 ||    22
  Eat: Chunk             |       |     3 ||     3
Armor: Scale mail        |    29 |    39 ||    68
Dodge: Dodged            |    16 |    24 ||    40
Block: Shield            |    27 |    30 ||    57

Table legend:
 A = Spawn XP
 B = Non-spawn XP
 C = Spawn XP percentage of total XP
 D = Spawn monster count
 E = Non-spawn monster count
 F = Spawn count percentage of total count
 G = Total turns spent on level
                    A         B        C        D         E        F      G
               +---------+---------+-------+---------+---------+-------+---------
         Total |       0 |     234 |   0.0 |       0 |      45 |   0.0 |  1686
               +---------+---------+-------+---------+---------+-------+---------
           D:1 |       0 |      19 |   0.0 |       0 |      11 |   0.0 |   723
           D:2 |       0 |     110 |   0.0 |       0 |      25 |   0.0 |   639
           D:3 |       0 |      35 |   0.0 |       0 |       8 |   0.0 |   299
           D:4 |       0 |      70 |   0.0 |       0 |       1 |   0.0 |    25
               +---------+---------+-------+---------+---------+-------+---------
